 Dungeon Crawl Stone Soup version 0.29-a0-322-g68df515428 (webtiles) character file.

Game seed: 11107876107602540841

70 siradein the Cudgeller (level 4, -3/67 HPs)
             Began as a Troll Berserker on Apr 7, 2022.
             Was a Follower of Trog.
             Succumbed to a gnoll's poison
             ... on level 2 of the Dungeon.
             The game lasted 00:01:42 (945 turns).

siradein the Cudgeller (Troll Berserker)             Turns: 945, Time: 00:01:43

Health: -3/67      AC:  4    Str: 25    XL:     4   Next: 4%
Magic:  3/3        EV: 11    Int:  3    God:    Trog [*.....]
Gold:   97         SH:  0    Dex: 17    Spells: 3/3 levels left

rFire   . . .      SeeInvis .   f - +0 flail
rCold   + . .      Faith    .   (no shield)
rNeg    . . .      Spirit   .   b - +0 animal skin
rPois   .          Reflect  .   (helmet restricted)
rElec   .          Harm     .   (no cloak)
rCorr   .          Rampage  .   (gloves unavailable)
Will    .....                   (boots unavailable)
Stlth   ..........              (no amulet)
HPRegen 1.01/turn               c - +6 ring of dexterity
MPRegen 0.08/turn               e - ring of protection from cold

@: berserking, lethally poisoned (-3 -> -25), very quick
A: large, unfitting armour, claws 3, regeneration 1, shaggy fur 1, tough skin 1
a: Renounce Religion, Berserk


You were on level 2 of the Dungeon.
You worshipped Trog.
Trog was aware of your devotion.
You visited 1 branch of the dungeon, and saw 2 of its levels.

You collected 97 gold pieces.

Inventory:

Hand Weapons
 f - a +0 flail (weapon)
Armour
 b - a +0 animal skin (worn)
Jewellery
 c - a +6 ring of dexterity (left claw)
 e - a ring of protection from cold (right claw)
Scrolls
 d - a scroll of vulnerability {unknown}


   Skills:
 + Level 3.0 Fighting
 + Level 3.3 Maces & Flails
 + Level 3.1 Dodging


You had 3 spell levels left.
You didn't know any spells.
Your spell library was empty.

Dungeon Overview and Level Annotations

Branches:
Dungeon (2/15)

Altars:


Innate Abilities, Weirdness & Mutations

You are too large for most types of armour.
You have claws for hands.
Your natural rate of healing is unusually fast.
You are covered in fur. (AC +1)
You have tough skin. (AC +1)


Message History

You kill the adder!
Trog accepts your kill.
You have reached level 4!
The gnoll attacks as you move away! The gnoll barely misses you.
You closely miss the gnoll.
The gnoll hits you with a +1 whip of venom.
You are poisoned.
The gnoll closely misses you.
You hit the gnoll.
The gnoll is lightly wounded.
You feel sick.
The gnoll hits you with a +1 whip of venom.
You are more poisoned.
You hit the gnoll.
The gnoll is heavily wounded.
You feel very sick.
The gnoll hits you with a +1 whip of venom.
You are more poisoned.
You barely miss the gnoll.
The gnoll is heavily wounded.
You feel extremely sick.
The gnoll hits you with a +1 whip of venom.
* * * LOW HITPOINT WARNING * * *
A red film seems to cover your vision as you go berserk!
You feel yourself moving faster!
You feel mighty!
You feel very sick.
The gnoll hits you with a +1 whip of venom.
* * * LOW HITPOINT WARNING * * *
You are lethally poisoned!
You hit the gnoll.
The gnoll is severely wounded.
* * * LOW HITPOINT WARNING * * *
You feel very sick.
The gnoll hits you with a +1 whip of venom.
* * * LOW HITPOINT WARNING * * *
You are more poisoned.
You sock the gnoll!
You kill the gnoll!
Trog accepts your kill.
You die...

#.. #..
#####..
.......##
#..).###
#..#...#
#....#.#
#.####)#
#.# #@#
#.# #.#
#.## #)#
###..###.#
#........#
#.##.#####
#.##.#
#.##<#
#.##.#


There were no monsters in sight!

Vanquished Creatures
  6 gnolls
  An adder (D:2)
  4 bats (D:1)
  2 goblins
  2 ball pythons (D:1)
  A frilled lizard (D:1)
  A kobold (D:1)
  3 rats (D:1)
20 creatures vanquished.

Notes
Turn   | Place    | Note
-------+----------+-------------------------------------------
     0 | D:1      | siradein the Troll Berserker began the quest for the Orb.
     0 | D:1      | Reached XP level 1. HP: 22/22 MP: 0/0
   228 | D:1      | Found a faded altar of an unknown god.
   378 | D:1      | Reached XP level 2. HP: 29/29 MP: 1/1
   834 | D:1      | HP: 1/29 [gnoll/+0 flail (9)]
   836 | D:1      | Reached XP level 3. HP: 3/36 MP: 2/2
   935 | D:2      | Reached XP level 4. HP: 35/45 MP: 3/3
   944 | D:2      | HP: 3/67 [gnoll/+1 whip of venom (3)]
   945 | D:2      | Succumbed to a gnoll's poison

Illustrated notes

Levels and vault maps discovered:
D:1:      nzn_arrival_settlement, layout_loops_ring,
          nicolae_ecumenical_lake_church
D:2:      layout_loops_ring, minmay_misc_feat_x, minmay_heptomino_h4

Skill      XL: |  1  2  3 |
---------------+----------+-----
Maces & Flails | 3 |  3.3
Dodging        | 3 |  3.1
Fighting       | 3 |  3.0

Action                   |  1- 3 |  4- 6 || total
-------------------------+-------+-------++-------
Melee: Mace              |    37 |       ||    37
       Flail             |    17 |     6 ||    23
Invok: Berserk           |       |     1 ||     1
Armor: Animal skin       |    15 |       ||    15
Dodge: Dodged            |    40 |     2 ||    42

Table legend: (Time is in decaauts)
 A = Elapsed time spent in this place.
 B = Non-inter-level travel time spent in this place.
 C = Inter-level travel time spent in this place.
 D = Time resting spent in this place.
 E = Time spent auto-exploring this place.
 F = Levels seen in this place.
 G = Mean time per level.
                   A        B        C        D        E       F      G
               +--------+--------+--------+--------+--------+-----+--------+
         Total |    960 |    951 |      9 |     64 |    712 |   2 |  480.0 |
       Dungeon |    960 |    951 |      9 |     64 |    712 |   2 |  480.0 |
               +--------+--------+--------+--------+--------+-----+--------+

Top non-repeatable levels by time:
     D:1: 847 daAuts
     D:2: 112 daAuts
